 Dungeon Crawl Stone Soup version 0.31-a0-925-g0a390f2509 (webtiles) character file.

Game seed: 8403622125100726383

7852 Persephone the Grappler (level 11, -6/110 HPs)
             Began as a Troll Shapeshifter on Oct 18, 2023.
             Was an Elder of Trog.
             Mangled by a yak (13 damage)
             ... on level 10 of the Dungeon.
             The game lasted 00:19:19 (5891 turns).

Persephone the Grappler (Troll Shapeshifter)        Turns: 5891, Time: 00:19:20

Health: -6/110     AC:  7    Str: 33    XL:     11   Next: 2%
Magic:  10/10      EV: 29    Int:  6    God:    Trog [****..]
Gold:   510        SH:  0    Dex:  9    Spells: 10/10 levels left

rFire   . .          .
                       - Unarmed
rCold   . . .        (shield currently unavailable)
rNeg    . . .        k - melded +1 robe of the Armoured One {Rampage *Slow rF+++ Str+2}
rPois   .            (helmet currently unavailable)
rElec   .            (cloak currently unavailable)
rCorr   .            (gloves unavailable)
SInv    .            (boots unavailable)
Will    .....        a - amulet of the acrobat
Stlth   +            o - +5 ring of evasion
HPRegen 1.18/turn    u - ring of flight
MPRegen 0.12/turn

%: acrobat
@: lethally poisoned (-6 -> -7), snake-form, on berserk cooldown, acrobatic,
flying, slowed, invisible, very slow
A: constrict, large, unfitting armour, (claws 3), regeneration 1, (shaggy fur
1), (tough skin 1)
a: Begin Untransformation, Renounce Religion, Berserk, Trog's Hand, Brothers in
Arms


You were on level 10 of the Dungeon.
You worshipped Trog.
Trog was greatly pleased with you.
You were an enormous anaconda.
You visited 2 branches of the dungeon, and saw 11 of its levels.
You also visited: Sewer.

You collected 510 gold pieces.

Inventory:

Missiles
 i - 8 large rocks
 r - a javelin (quivered)
 F - 2 throwing nets
Armour
 h - a scarf of invisibility
 k - the +1 robe of the Armoured One (melded) {Rampage *Slow rF+++ Str+2}
   (You found it on level 2 of the Dungeon)

   Str+2:     It affects your strength (+2).
   rF+++:     It renders you almost immune to fire.
   *Slow:     It may slow you when you take damage.
   Rampage:   It bestows one free step when moving towards enemies.
 L - a +0 hat
Jewellery
 a - an amulet of the acrobat (around neck)
 e - a ring of magical power
 m - a ring of ice
 o - a +5 ring of evasion (left hand)
 u - a ring of flight (right hand)
Talismans
 c - a beast talisman
 d - a flux talisman
 M - a serpent talisman (active)
Wands
 E - a wand of polymorph (9)
 J - a wand of paralysis (8)
Scrolls
 j - 3 scrolls of fear
 l - a scroll of amnesia
 p - a scroll of silence {unknown}
 q - a scroll of noise
 s - a scroll of immolation
 v - a scroll of revelation
 w - a scroll of summoning
 y - 2 scrolls of enchant weapon
 D - 4 scrolls of teleportation
 H - a scroll of identify
 K - a scroll of vulnerability
Potions
 b - a potion of lignification
 f - a potion of invisibility
 g - a potion of cancellation
 n - 4 potions of attraction
 t - a potion of might
 x - a potion of haste
 z - 2 potions of brilliance {unknown}
 A - a potion of mutation {unknown}
 B - 2 potions of degeneration {unknown}
 C - a potion of magic {unknown}
 G - a potion of heal wounds {unknown}
 I - a potion of ambrosia {unknown}


   Skills:
 + Level 7.2 Fighting
 - Level 1.5 Dodging
 * Level 12.4 Unarmed Combat
 + Level 8.4 Shapeshifting


You had 10 spell levels left.
You didn't know any spells.
Your spell library contained the following spells:

 Spells                   Type           Power      Damage    Failure   Level
 Malign Gateway           Summ/Tloc      0%         N/A       100%        7
 Summon Horrible Things   Summ           0%         N/A       100%        8


Dungeon Overview and Level Annotations

Branches:
Dungeon (10/15)            Temple (1/1) D:4             Orc (0/2) D:9
  Sewer (visited)
   Lair: D:8-11

Altars:
Ashenzari
Cheibriados
Dithmenos
Elyvilon
Fedhas
Gozag
Hepliaklqana
Kikubaaqudgha
Makhleb
Nemelex Xobeh
Okawaru
Qazlal
Ru
Sif Muna
Trog
Uskayaw
Vehumet
Wu Jian
Xom
Yredelemnul
Zin
The Shining One

Shops:
D:2 ??*[*   D:3 =   D:6 !


Innate Abilities, Weirdness & Mutations

You are an enormous anaconda.
You have a powerful constriction melee attack.
Your armour is entirely melded.
You are incapable of wielding weapons or throwing items.
You are too large for most types of armour.
((You have claws for hands.))
Your natural rate of healing is unusually fast.
((You are covered in fur. (AC +1)))
((You have tough skin. (AC +1)))


Message History

* * * LOW HITPOINT WARNING * * *
You are no longer berserk.
You are exhausted.
You feel as though you will be slow longer.
Your skin stops crawling.
You feel less strong-willed. The yak barely misses you.
A kobold brigand comes into view.
It is wielding a +0 dagger and quivering curare-tipped darts.
The kobold brigand throws a curare-tipped dart.
The curare-tipped dart misses you. The yak barely misses you.
A kobold demonologist comes into view. It is wielding a +0 dagger.
The yak gores you but does no damage.
The sentinel's mark upon you fades away.
The shadow strikes at you from the darkness!
* * * LOW HITPOINT WARNING * * *
Reactivating autopickup.
The kobold brigand throws a curare-tipped dart.
The curare-tipped dart hits you.
You are poisoned.
You have difficulty breathing.
* * * LOW HITPOINT WARNING * * *
You feel as though you will be slow longer.
The orc priest looks encouraged for a moment.
The shadow completely misses you.
You feel very sick. The yak attacks as it pursues you! The yak gores you.
* * * LOW HITPOINT WARNING * * *
The yak completely misses you. x2
You fade into invisibility!
You feel very sick.
The kobold brigand throws a curare-tipped dart.
The curare-tipped dart barely misses the yak.
The curare-tipped dart closely misses you.
The yak barely misses you. The yak closely misses you.
You feel sick.
The orc wizard points at the yak and mumbles some strange words.
The shadow appears confused.
The yak completely misses you.
A kobold brigand comes into view.
It is wielding a +0 dagger and quivering poisoned darts.
An orc comes into view. It is wielding a +0 trident.
The yak gores you!
You die...

#.........##
#........#
.....##.#####.......##
.>.####.#.....#.....#
.. #..K.#...#.....# #.
###..#####.....# #o.##
##...# ##...##
#.#.##.K.K###.#..##
##........K##......#
..........oWYS.....#
#.....o...Y......#
##..o.....o##...)..
#...††............
#.......†............
..............$....##
.......###.#...##...#
.##.... ###.### ...#
##... ##


You could see a kobold demonologist (unable to see you), 2 yaks, a kobold
brigand (wandering, unable to see you), a shadow (confused), an orc priest
(unable to see you), 2 orc wizards and an orc (wandering, unable to see you).

Vanquished Creatures
  A two-headed ogre (D:10)
  A manticore (D:9)
  A hornet (D:10)
  15 yaks
  A wraith (D:10)
  4 steam dragons
  A warg (D:9)
  2 water moccasins
  6 orc warriors
  3 ice beasts
  A black bear (D:4)
  2 ogres
  2 centaurs
  A kobold brigand (D:9)
  A gnoll sergeant (D:8)
  6 bullfrogs
  3 scorpions
  The ghost of ChaoticPyre the Chopper, a weakling MiBe of Trog (D:3)
  12 killer bees
  5 hounds
  10 orc priests
  10 orc wizards
  A hell rat (Sewer)
  A sleepcap (D:6)
  An iguana (D:4)
  6 gnolls
  9 adders
  A river rat (Sewer)
  6 ufetubi
  4 worms
  2 dart slugs (D:1)
  40 orcs
  6 ball pythons
  6 bats
  9 endoplasms
  6 giant cockroaches
  2 goblins
  5 hobgoblins
  3 jackals (D:1)
  8 quokkas
  2 frilled lizards
  7 kobolds
  9 rats
223 creatures vanquished.

Vanquished Creatures (others)
  An orc (D:8)
1 creature vanquished.

Grand Total: 224 creatures vanquished

Notes
Turn   | Place    | Note
-------+----------+-------------------------------------------
     0 | D:1      | Persephone the Troll Shapeshifter began the quest for the
                  | Orb.
     0 | D:1      | Reached XP level 1. HP: 18/18 MP: 0/0
    27 | D:1      | Reached skill level 1 in Fighting
    91 | D:1      | Reached XP level 2. HP: 20/27 MP: 1/1
   471 | D:1      | Reached XP level 3. HP: 33/33 MP: 2/2
   674 | D:2      | Found Mexol's Assorted Antiques.
   786 | D:2      | Found Poahim's Magic Scroll Boutique.
   795 | D:2      | Found Roedwoekh's Assorted Antiques.
   806 | D:2      | Found Kubej's Antique Armour Boutique.
   986 | D:2      | Identified the +1 robe of the Armoured One {Rampage *Slow
                  | rF+++ Str+2}
  1009 | D:2      | Reached skill level 4 in Unarmed Combat
  1137 | D:2      | Found Ifaugar's Magic Scroll Shop.
  1174 | D:3      | Reached XP level 4. HP: 41/41 MP: 3/3
  1239 | D:3      | Found Ysikk's Jewellery Shop.
  1270 | D:3      | Found a shimmering blue altar of Sif Muna.
  1616 | D:3      | Found a runed translucent gate.
  1616 | D:3      | Found a runed translucent gate.
  1616 | D:3      | Found a runed translucent gate.
  1617 | D:3      | Noticed ChaoticPyre's ghost (weakling MiBe)
  1628 | D:3      | Killed ChaoticPyre's ghost
  1629 | D:3      | Reached XP level 5. HP: 49/49 MP: 4/4
  1691 | D:4      | Found a staircase to the Ecumenical Temple.
  1709 | D:4      | Noticed a black bear
  1710 | D:4      | Killed a black bear
  1711 | D:4      | Reached skill level 5 in Unarmed Combat
  1718 | D:4      | Reached XP level 6. HP: 59/59 MP: 5/5
  1796 | Temple   | Entered the Ecumenical Temple
  1826 | Temple   | Became a worshipper of Trog the Wrathful
  2153 | D:5      | Entered Level 5 of the Dungeon
  2255 | D:5      | Reached skill level 6 in Unarmed Combat
  2255 | D:5      | Reached XP level 7. HP: 7/67 MP: 6/6
  2348 | D:5      | Reached * piety under Trog
  2497 | D:5      | Found a hazy altar of Hepliaklqana.
  2515 | D:5      | Reached skill level 5 in Shapeshifting
  2742 | D:6      | Reached skill level 7 in Unarmed Combat
  2746 | D:6      | Reached XP level 8. HP: 39/78 MP: 7/7
  2802 | D:6      | Reached ** piety under Trog
  2871 | D:6      | Found a glowing golden altar of the Shining One.
  2889 | D:6      | Reached skill level 8 in Unarmed Combat
  3044 | D:6      | Found Doklikyp's Distillery.
  3296 | D:6      | Found a glowing drain.
  3354 | Sewer    | Entered a sewer
  3561 | D:7      | Found a sacrificial altar of Ru.
  3563 | D:7      | Found a burning altar of Makhleb.
  3574 | D:7      | Noticed a blizzard demon
  3580 | D:7      | Noticed a torpor snail
  3582 | D:7      | Found a snail-covered altar of Cheibriados.
  3582 | D:7      | Noticed a torpor snail
  3584 | D:7      | Noticed a torpor snail
  3727 | D:7      | Reached XP level 9. HP: 68/87 MP: 8/8
  3731 | D:7      | Reached skill level 9 in Unarmed Combat
  3800 | D:7      | Reached skill level 5 in Fighting
  4322 | D:8      | Reached *** piety under Trog
  4507 | D:8      | Reached skill level 10 in Unarmed Combat
  4510 | D:8      | Found a hide-covered altar of Uskayaw.
  4537 | D:8      | Found a radiant altar of Vehumet.
  4576 | D:8      | Reached XP level 10. HP: 65/98 MP: 9/9
  4721 | D:8      | Found a stormy altar of Qazlal.
  5105 | D:9      | Noticed a manticore
  5113 | D:9      | Killed a manticore
  5114 | D:9      | Reached skill level 11 in Unarmed Combat
  5306 | D:9      | Found a staircase to the Orcish Mines.
  5490 | D:9      | Reached **** piety under Trog
  5773 | D:10     | Entered Level 10 of the Dungeon
  5821 | D:10     | Found a blossoming altar of Fedhas.
  5841 | D:10     | Noticed a two-headed ogre
  5845 | D:10     | Killed a two-headed ogre
  5846 | D:10     | Reached skill level 12 in Unarmed Combat
  5864 | D:10     | Paralysed by a hornet for 2 turns
  5882 | D:10     | Reached XP level 11. HP: 60/109 MP: 10/10
  5891 | D:10     | Mangled by a yak

Illustrated notes

Levels and vault maps discovered:
D:1:      dpeg_arrival_tiny_h, layout_basic, chequers_serial_rivers_marsh
D:2:      layout_basic, serial_shops, shop, shop, nicolae_shop_rolled_up,
          nicolae_shop_crystal, shop
D:3:      layout_basic, mainiacjoe_overflow_tiny_flanked, serial_shops, shop,
          ebering_ghost_rock_garden
D:4:      layout_rooms, minmay_temple_entry_statues_fountains,
          minmay_misc_feat_cross
D:5:      layout_rooms, mainiacjoe_overflow_cross_hatched
D:6:      layout_cave_pools, tso_altar, serial_shops, shop_statue,
          portal_sewer_entry_e, chequers_serial_rivers_small_a
D:7:      layout_loops_ring, cheibriados_altar_2, makhleb_altar_promises_db,
          lemuel_round_altar
D:8:      layout_basic, lemuel_tele_altar, lemuel_crystal_altar,
          nicolae_qazlal_style_of_elements
D:9:      layout_cave_pools, david_orc_1_choice, chequers_serial_rivers_room_a,
          chequers_serial_rivers_micro_a
D:10:     layout_cave_pools, fedhas_ov_isle_minmay, lair_entry_dummy
Temple:   nicolae_temple_hex_pool

Skill      XL: |  1  2  3  4  5  6  7  8  9 10 |
---------------+-------------------------------+-----
Fighting       | 1 2 3 4 6 7 |  7.2
Unarmed Combat | 4 5 6 7 8 10 12 | 12.4
Shapeshifting  | 4 5 6 7 8 |  8.4
Dodging        | |  1.5

Action                     |  1- 3 |  4- 6 |  7- 9 | 10-12 || total
---------------------------+-------+-------+-------+-------++-------
  Melee: Unarmed           |   101 |    89 |   204 |   133 ||   527
         Punch             |       |     3 |     7 |     7 ||    17
         Constrict         |       |       |       |     4 ||     4
  Throw: Large rock        |       |     2 |       |     5 ||     7
         Javelin           |       |       |    20 |     3 ||    23
 Invoke: Berserk           |       |       |     3 |     1 ||     4
         Trog's Hand       |       |       |     3 |     2 ||     5
Ability: Begin Untransform |     1 |       |       |       ||     1
    Use: Scroll            |     3 |     4 |     8 |       ||    15
         Potion            |       |     1 |     1 |     1 ||     3
   Stab: Sleeping          |     3 |       |     1 |       ||     4
 Armour: Animal skin       |    47 |       |       |       ||    47
         Robe              |     3 |    38 |   156 |    64 ||   261
         Skin              |       |       |       |    25 ||    25
  Dodge: Dodged            |    51 |    42 |   176 |    89 ||   358
   Form: Beast             |     1 |       |       |       ||     1
         Anaconda          |       |       |       |     1 ||     1

Table legend: (Time is in decaauts)
 A = Elapsed time spent in this place.
 B = Non-inter-level travel time spent in this place.
 C = Inter-level travel time spent in this place.
 D = Time resting spent in this place.
 E = Time spent auto-exploring this place.
 F = Levels seen in this place.
 G = Mean time per level.
                   A        B        C        D        E       F      G
               +--------+--------+--------+--------+--------+-----+--------+
         Total |   5890 |   5504 |    386 |      0 |   4200 |  12 |  490.8 |
       Dungeon |   5755 |   5428 |    327 |      0 |   4179 |  10 |  575.5 |
        Temple |     60 |      1 |     59 |      0 |      0 |   1 |   60.0 |
         Sewer |     74 |     74 |      0 |      0 |     21 |   1 |   74.0 |
               +--------+--------+--------+--------+--------+-----+--------+

Top non-repeatable levels by time:
     D:8: 753 daAuts
     D:7: 728 daAuts
     D:9: 722 daAuts
     D:6: 715 daAuts
     D:1: 669 daAuts
     D:5: 628 daAuts
     D:3: 514 daAuts
     D:2: 492 daAuts
     D:4: 413 daAuts
    D:10: 117 daAuts
   Sewer: 74 daAuts
  Temple: 60 daAuts
